 Dungeon Sprint DCSS version 0.19.3-4-gbf9329e (webtiles) character file.

246 Kagutsuchi the Fighter (level 5, -3/50 HPs)
             Began as a Draconian Berserker on Jan 28, 2017.
             Was a Believer of Trog.
             Slain by a neqoxec (9 damage)
             ... in the Dungeon (Sprint II: "The Violet Keep of Menkaure").
             The game lasted 00:00:30 (40 turns).

Kagutsuchi the Fighter (Draconian Berserker)          Turns: 40, Time: 00:00:30

Health: -3/50      AC:  5    Str: 18 (19) XL:     5   Next: 84%
Magic:  4/4        EV: 14    Int:  2 (7)  God:    Trog [**....]
Gold:   243        SH:  0    Dex:  8      Spells: 0 memorised, 4 levels left

rFire  . . .     SeeInvis .     a - +0 falchion
rCold  . . .     Gourm    .     (armour unavailable)
rNeg   . . .     Faith    .     (no shield)
rPois  .         Spirit   .     (helmet restricted)
rElec  .         Reflect  .     (no cloak)
rCorr  .         Harm     .     (no gloves)
MR     .....     NoTele   +     (no boots)
Stlth  +.........               (no amulet)
                                (no ring)
                                (no ring)

@: exhausted, slowed, very slow
A: unfitting armour, clumsy 2, deterioration 1, frail 1, low mp 1, cold-blooded,
subdued magic 2, AC +5
a: Berserk, Trog's Hand, Burn Spellbooks, Renounce Religion


You were in the Dungeon.
You worshipped Trog.
Trog was pleased with you.
You were not hungry.

You visited 1 branch You collected 243 gold pieces.

Inventory:

Hand Weapons
 a - a +0 falchion (weapon)
Scrolls
 h - a scroll of blinking
Potions
 c - a potion of curing
 e - a potion of haste
 f - 2 potions of magic
 g - a potion of berserk rage
Comestibles
 b - a bread ration


   Skills:
 + Level 8.4 Fighting
 + Level 7.8 Long Blades
 + Level 6.8 Dodging


You had 4 spell levels left.
You didn't know any spells.

Dungeon Overview and Level Annotations

Branches:
Dungeon (1/1)

Altars:


Innate Abilities, Weirdness & Mutations

Your plain brown scales are hard. (AC +5)
You cannot fit into any form of body armour.
You are cold-blooded and may be slowed by cold attacks.
You are very clumsy. (Dex -4)
Your body sometimes deteriorates upon taking damage.
You are frail. (-10% HP)
Your magical capacity is low. (-10% MP)
Your spells are easier to cast, but less powerful.


Message History

The neqoxec hits you.
* * * LOW HITPOINT WARNING * * *
You barely miss the neqoxec. You tail-slap the neqoxec.
The neqoxec is severely wounded.
The neqoxec gestures at you.
Strange energies course through your body.
Your connection to magic feels more subdued.
The white imp barely misses you. The neqoxec barely misses you.
You riposte.
You closely miss the neqoxec.
The neqoxec is severely wounded.
The neqoxec barely misses you. The white imp gestures at you.
The puff of frost hits you!
* * * LOW HITPOINT WARNING * * *
You hit the neqoxec.
The neqoxec is severely wounded.
The neqoxec hits you.
* * * LOW HITPOINT WARNING * * *
The neqoxec hits you!
You die...

## .# ### .##
#+###.##..#
##.##.#3#5.#
+.<.'##@35t#
##.###.5#55..#
#+#
#.##...§..≈ ##
§§.§..≈
5≈≈§..≈
≈§≈≈§.≈
≈§≈≈≈≈§
§≈§§§≈≈


You could see 2 neqoxecs, a crocodile, 2 white imps, 2 shadow imps and an
ufetubus.

Vanquished Creatures
  2 neqoxecs (D)
2 creatures vanquished.

Notes
Turn   | Place    | Note
-------+----------+-------------------------------------------
     0 | D        | Kagutsuchi the Draconian Berserker began the quest for the Orb.
     0 | D        | Reached XP level 1. HP: 19/19 MP: 1/1
     1 | D        | Noticed a neqoxec
     5 | D        | Noticed a neqoxec
     6 | D        | Gained mutation: Your body sometimes deteriorates upon taking damage. [a neqoxec]
    10 | D        | Killed a neqoxec
    10 | D        | Reached skill level 6 in Fighting
    10 | D        | Reached skill level 5 in Dodging
    10 | D        | Reached XP level 2. HP: 31/31 MP: 2/2
    10 | D        | Reached XP level 3. HP: 38/38 MP: 3/3
    10 | D        | Reached XP level 4. HP: 45/45 MP: 4/4
    17 | D        | Killed a neqoxec
    17 | D        | Reached ** piety under Trog
    17 | D        | Reached skill level 8 in Fighting
    17 | D        | Reached XP level 5. HP: 56/56 MP: 5/5
    20 | D        | Noticed a neqoxec
    21 | D        | Noticed a neqoxec
    27 | D        | Gained mutation: You are clumsy. (Dex -2) [a neqoxec]
    28 | D        | Gained mutation: You are very clumsy. (Dex -4) [a neqoxec]
    31 | D        | Gained mutation: Your spells are a little easier to cast, but a little less powerful. [a neqoxec]
    32 | D        | Noticed a crocodile
    33 | D        | Gained mutation: Your magical capacity is low. (-10% MP) [a neqoxec]
    36 | D        | Gained mutation: You are frail. (-10% HP) [a neqoxec]
    39 | D        | Gained mutation: Your spells are easier to cast, but less powerful. [a neqoxec]
    40 | D        | Slain by a neqoxec

Skill      XL: |  1  2  3  4 |
---------------+-------------+-----
Fighting       | 6 8 |  8.4
Long Blades    | 6 7 |  7.8
Dodging        | 5 6 |  6.8

Action                   |  1- 3 |  4- 6 || total
-------------------------+-------+-------++-------
Melee: Falchion          |     8 |    18 ||    26
       Tailslap          |     1 |     2 ||     3
Invok: Berserk           |     1 |       ||     1
  Use: Potion            |       |     1 ||     1
Armor: Skin              |     1 |     6 ||     7
Dodge: Dodged            |     2 |    19 ||    21
       Rpst.: Falchion   |     1 |     2 ||     3
